 Dungeon Crawl Stone Soup version 0.32-a0-675-gdc239d62e1 (webtiles) character file.

Game seed: 2386091050640753570

53315 Implojin the Spry (level 14, -3/92 HPs)
             Began as a Coglin Delver on Mar 10, 2024.
             Was the Champion of Hepliaklqana.
             Slain by a minotaur (9 damage)
             ... on level 4 of the Lair of Beasts on Mar 11, 2024.
             The game lasted 00:39:34 (16951 turns).

Implojin the Spry (Coglin Delver)                  Turns: 16951, Time: 00:39:35

Health: -3/92      AC:  9    Str: 20    XL:     14   Next: 67%
Magic:  18/18      EV: 23    Int: 10    God:    Hepliaklqana [******]
Gold:   800        SH:  0    Dex: 20    Spells: 13/13 levels left

rFire   + + .        t - +4 rapier of Eguhaast {drain, *Slow rCorr Str+7 Stlth+}
rCold   + + .        D - +6 rapier (venom) {Egbert}
rNeg    . . .        K - +2 robe {rC+ rF+}
rPois   .            E - +1 helmet
rElec   .            (no cloak)
rCorr   +            N - +1 pair of gloves
SInv    .            (no boots)
Will    +....        (amulet unavailable)
Stlth   ++++         (ring unavailable)
HPRegen 1.15/turn    (ring unavailable)
MPRegen 0.56/turn    n - supersamoflange Ver.12 {rF+ rC+ Regen+ RegenMP+}

%: slow self (1%)
@: revving
A: reduced essence, off-hand wielding, slow wielding, warmup strikes, no
jewellery
a: Renounce Religion, Recall Ancestor, Ancestor Identity, Transference, Idealise


You were on level 4 of the Lair of Beasts.
You worshipped Hepliaklqana.
Hepliaklqana was exalted by your worship.
You visited 2 branches of the dungeon, and saw 15 of its levels.
You also visited: Sewer.

You collected 1080 gold pieces.
You spent 280 gold pieces at shops.

Inventory:

Hand Weapons
 p - a +0 short sword of electrocution {Bernhard}
 t - the +4 rapier of Eguhaast (weapon) {drain, *Slow rCorr Str+7 Stlth+}
   (You found it on level 4 of the Dungeon)

   Str+7:     It affects your strength (+7).
   rCorr:     It protects you from acid and corrosion.
   *Slow:     It may slow you when you take damage.
   Stlth+:    It makes you more stealthy.
 D - a +6 rapier of venom (offhand) {Egbert}
Missiles
 j - 2 throwing nets
 y - 12 poisoned darts (quivered)
 A - 7 atropa-tipped darts
 C - 8 boomerangs
Armour
 k - +0 steam dragon scales
 E - a +1 helmet (worn)
 K - a +2 robe of resistance (worn)
 N - a +1 pair of gloves (worn)
Gizmo
 n - a supersamoflange Ver.12 (installed) {rF+ rC+ Regen+ RegenMP+}
   (You invented it yourself on level 3 of the Lair of Beasts)

   [supersamoflange Ver.12]

   rF+:       It protects you from fire.
   rC+:       It protects you from cold.
   Regen+:    It increases your rate of health regeneration.
   RegenMP+:  It increases your rate of magic regeneration.
Wands
 g - a wand of digging (7)
 m - a wand of quicksilver (5)
 s - a wand of paralysis (9)
 F - a wand of flame (33)
 H - a wand of roots (8)
Scrolls
 b - 3 scrolls of revelation
 c - 2 scrolls of fog
 e - a scroll of enchant armour
 h - 2 scrolls of butterflies {unknown}
 w - a scroll of immolation
 x - 2 scrolls of blinking
 z - 5 scrolls of enchant weapon
 B - 6 scrolls of poison
 I - a scroll of teleportation
 J - 2 scrolls of silence {unknown}
Potions
 a - 4 potions of mutation
 d - a potion of ambrosia {unknown}
 f - a potion of haste
 i - 6 potions of curing
 l - 2 potions of might {unknown}
 o - a potion of resistance {unknown}
 q - 4 potions of heal wounds
 r - a potion of magic
 u - 2 potions of enlightenment
 v - 2 potions of cancellation
 L - 2 potions of attraction {unknown}
 M - a potion of berserk rage {unknown}


   Skills:
 - Level 7.0 Fighting
 - Level 14.0 Short Blades
 - Level 5.5 Armour
 * Level 15.2 Dodging
 - Level 6.0 Stealth
 - Level 6.0 Invocations


You had 13 spell levels left.
You didn't know any spells.
Your spell library contained the following spells:

 Spells                   Type           Power      Damage    Failure   Level
 Apportation              Tloc           0%         N/A       36%         1
 Magic Dart               Conj           0%         1d3       36%         1
 Necrotise                Necr           0%         1d4       36%         1
 Sting                    Conj/Alch      0%         1d3       36%         1
 Summon Small Mammal      Summ           0%         N/A       36%         1
 Searing Ray              Conj           0%         2d4       50%         2
 Sublimation of Blood     Necr           0%         N/A       50%         2
 Call Canine Familiar     Summ           0%         N/A       75%         3
 Dazzling Flash           Conj/Hex       0%         N/A       75%         3
 Volatile Blastmotes      Fire/Tloc      0%         2d10      75%         3
 Fulminant Prism          Conj/Alch      0%         3d5       98%         4
 Petrify                  Alch/Erth      0%         N/A       98%         4
 Summon Blazeheart Golem  Fire/Summ      0%         N/A       98%         4
 Irradiate                Conj/Alch      0%         3d11      100%        5
 Summon Forest            Summ/Tloc      0%         N/A       100%        5
 Summon Mana Viper        Hex/Summ       0%         N/A       100%        5
 Starburst                Conj/Fire      0%         6d3       100%        6
 Summon Cactus Giant      Summ           0%         N/A       100%        6
 Maxwell's Capacitive Co  Air            0%         ∞         100%        8
 Chain Lightning          Conj/Air       0%         N/A       100%        9
 Fire Storm               Conj/Fire      0%         5d1       100%        9
 Shatter                  Erth           0%         3d5*      100%        9


Dungeon Overview and Level Annotations

Branches:
Dungeon (11/15)            Temple (0/1) D:6            Lair (4/5) D:9
  Swamp (0/4) Lair:2        Snake (0/4) Lair:2        Sewer (visited)
  Slime: Lair:4-5       Orc: D:9-12

Altars:
Hepliaklqana
Uskayaw
Wu Jian

Shops:
D:4 *   D:6 *   D:11 *

Annotations:
D:11 Erolcha, Psyche
Lair:4 Palemoclump's ghost, journeyman MiFi


Innate Abilities, Weirdness & Mutations

Your life essence is reduced to manifest your ancestor. (-10% HP)
You can wield a second weapon in your off-hand.
It takes a long time for you to wield or remove held weapons.
Your first few attacks do less damage.
You cannot equip rings or amulets.


Message History

Your extra speed is starting to run out.
There is a stone staircase leading down here.
Unknown command.
You start resting.
You feel yourself slow down.
You start resting.
Qefekobu emerges from the mists of memory!
You start resting.
HP restored.
You climb downwards.
Level annotation: Palemoclump's ghost, journeyman MiFi
There is a stone staircase leading up, spattered with blood here.
Unknown command.
Unknown command.
The minotaur throws a javelin.
The javelin completely misses you. What are your orders? t - Shout!
Orders for allies: a - Attack new target. r - Retreat! s - Stop attacking. g - Guard the area. f - Follow me.
Anything else - Cancel.
Follow me!
The minotaur throws a javelin.
The javelin pierces through you!!
The minotaur throws a javelin.
The javelin closely misses you.
Something closely misses Qefekobu.
Something gores Qefekobu!
You swap places.
The minotaur hits you!
The minotaur gores you but does no damage.
The minotaur hits you!!
* * * LOW HITPOINT WARNING * * *
The minotaur gores you!
* * * LOW HITPOINT WARNING * * *
Unknown command.
You barely miss the minotaur with your +6 rapier of venom.
The minotaur furiously retaliates!
The minotaur headbutts you, but does no damage.
You hit the minotaur with the +4 rapier of Eguhaast.
You drain the minotaur. The minotaur hits you!!
* * * LOW HITPOINT WARNING * * *
The minotaur gores you!
You die...
Hepliaklqana delivers you to your ancestors.

#................#.#...#.#......
##...............#.##..#.#......
#...#P..#.......#.......#......
##.#.##.#........###''†###.....#
#P.###.####.............H.....##
#..#.P....##............W....###
#P.......#.#.....#...(###.....#P
##.......#.....R###.((# #.W..###
#..##..........@H.....###....# #
#..####.#.P.....#.....##P..<.#
##.####..##....<#.##.####....###
#...##P.P.......###### ##.......
#P..............#.######........
##..............................
#..............................
##..............................
#...........................##..


You could see the friendly Qefekobu the hexer and a minotaur (drained, ally
target).

Vanquished Creatures
  Gastronok (Lair:1)
  Kirke (Lair:3)
  The ghost of Kedox the Fighter, a journeyman DrCA of Ignis (Lair:1)
  A dire elephant (Lair:2)
  Fannar (D:11)
  5 hydras
  4 boulder beetles
  4 death yaks
  A spriggan druid (Lair:2)
  4 lindwurms (Lair:3)
  A black mamba (Lair:2)
  19 elephants
  An unseen horror (D:10)
  8 cane toads
  A kobold demonologist (D:9)
  9 komodo dragons
  2 polar bears
  A troll (D:9)
  8 blink frogs
  7 dream sheep (Lair:4)
  A shadow (D:10)
  41 yaks
  2 hogs (Lair:3)
  A human (Lair:3)
  8 wyverns
  A steam dragon (D:9)
  2 basilisks
  6 vampire mosquitoes
  3 acid dragons
  12 water moccasins
  2 sky beasts
  An ice beast (D:5)
  2 orc warriors (D:9)
  3 black bears
  6 centaurs
  An ogre (D:6)
  8 wolves
  A kobold brigand (D:5)
  9 bullfrogs
  2 scorpions (D:6)
  A gnoll sergeant (D:8)
  7 wights (D:8)
  3 killer bees (D:9)
  A howler monkey (D:8)
  2 lava snakes (Lair:2)
  3 orc priests
  3 hounds
  2 gnoll boudas
  3 sleepcaps
  3 iguanas
  5 orc wizards
  A hell rat (Lair:4)
  10 adders
  10 gnolls
  3 river rats (Sewer)
  A white imp (D:7)
  2 ribbon worms
  4 dart slugs
  19 orcs
  16 ball pythons
  6 endoplasms
  5 giant cockroaches
  7 goblins
  7 hobgoblins
  9 jackals
  26 kobolds
  3 quokkas
  9 bats
  9 frilled lizards
  23 rats
395 creatures vanquished.

Vanquished Creatures (collateral kills)
  A hydra (Lair:4)
  A spriggan druid (Lair:2)
  A salamander (Lair:2)
  2 black mambas
  5 elephants
  An unseen horror (D:11)
  5 komodo dragons
  2 hornets (Lair:2)
  2 blink frogs (Lair:2)
  A dream sheep (Lair:4)
  A spriggan (Lair:2)
  A wraith (D:11)
  2 wyverns
  13 yaks
  3 water moccasins
  A sky beast (D:7)
  An ogre (D:5)
  A centaur (D:6)
  3 bullfrogs
  2 wights (D:8)
  A jelly (D:6)
  2 orc priests
  2 iguanas
  2 orc wizards
  3 gnolls
  A ribbon worm (D:4)
  A dart slug (D:5)
  4 orcs
  A bat (D:1)
  A hobgoblin (D:4)
  A jackal (D:1)
  A quokka (D:5)
  2 ball pythons (D:2)
  A kobold (D:2)
  A rat (D:1)
73 creatures vanquished.

Vanquished Creatures (others)
  A wyvern (Lair:4)
  4 hexers
5 creatures vanquished.

Grand Total: 473 creatures vanquished

Notes
Turn   | Place    | Note
-------+----------+-------------------------------------------
     0 | D:5      | Implojin the Coglin Delver began the quest for the Orb.
     0 | D:5      | Reached XP level 1. HP: 18/18 MP: 1/1
    45 | D:5      | Found a hazy altar of Hepliaklqana.
    50 | D:5      | Became a worshipper of Hepliaklqana the Forgotten
    60 | D:4      | Found a glowing drain.
    98 | Sewer    | Entered a sewer
   135 | Sewer    | Reached XP level 2. HP: 24/24 MP: 2/2
   185 | Sewer    | Reached XP level 3. HP: 14/29 MP: 3/3
   265 | Sewer    | Reached XP level 4. HP: 27/35 MP: 4/4
   939 | D:4      | Identified the +4 rapier of Eguhaast {drain, *Slow rCorr
                  | Str+7 Stlth+}
  1076 | D:2      | Reached * piety under Hepliaklqana
  1349 | D:2      | Reached XP level 5. HP: 36/36 MP: 5/5
  1755 | D:1      | Reached skill level 5 in Short Blades
  2324 | D:2      | Reached XP level 6. HP: 42/42 MP: 6/6
  2909 | D:2      | Reached ** piety under Hepliaklqana
  2911 | D:2      | Remembered your ancestor Qefekobu as a hexer
  4325 | D:4      | Noticed a black bear
  4331 | D:4      | Killed a black bear
  4332 | D:4      | Reached XP level 7. HP: 48/48 MP: 7/7
  4979 | D:4      | Found Ea-nāṣir's Fine Metal Goods.
  5057 | D:4      | Bought a runed ring mail for 140 gold pieces
  5064 | D:4      | Bought a shiny ring mail for 140 gold pieces
  5071 | D:4      | Upgraded the game from 0.32-a0-666-ge8a88695a4 to
                  | 0.32-a0-675-gdc239d62e1
  5211 | D:5      | Reached *** piety under Hepliaklqana
  5662 | D:5      | Reached XP level 8. HP: 54/54 MP: 8/8
  5712 | D:6      | Reached skill level 5 in Fighting
  6023 | D:6      | Found Faegrusa's General Store.
  6294 | D:6      | Found a staircase to the Ecumenical Temple.
  6629 | D:7      | Reached **** piety under Hepliaklqana
  6839 | D:7      | Reached XP level 9. HP: 47/61 MP: 9/9
  7089 | D:7      | Reached skill level 10 in Short Blades
  7281 | D:8      | Reached skill level 5 in Stealth
  8156 | D:9      | Reached XP level 10. HP: 71/71 MP: 10/10
  8481 | D:9      | Noticed a kobold demonologist
  8493 | D:9      | Killed a kobold demonologist
  8865 | D:9      | Found a staircase to the Lair.
  8887 | D:10     | Entered Level 10 of the Dungeon
  8899 | D:10     | Reached skill level 2 in Dodging
  8906 | D:10     | Reached skill level 3 in Dodging
  8973 | D:10     | Reached skill level 4 in Dodging
  9136 | D:10     | Killed an unseen horror
  9157 | D:10     | Reached skill level 5 in Dodging
  9274 | D:10     | Reached ***** piety under Hepliaklqana
  9292 | D:10     | Reached skill level 6 in Dodging
  9292 | D:10     | Reached XP level 11. HP: 72/75 MP: 11/11
  9548 | D:10     | Reached skill level 7 in Dodging
 10063 | D:11     | Found Ryiciaho's Elemental Accessories.
 10628 | D:11     | Noticed Erolcha
 10714 | D:11     | Noticed Psyche
 10747 | D:11     | Noticed Fannar
 10756 | D:11     | Killed Fannar
 11043 | Lair:1   | Entered Level 1 of the Lair of Beasts
 11043 | Lair:1   | Noticed a death yak
 11045 | Lair:1   | Noticed a death yak
 11048 | Lair:1   | Noticed a death yak
 11062 | Lair:1   | Killed a death yak
 11073 | Lair:1   | Killed a death yak
 11077 | Lair:1   | Killed a death yak
 11078 | Lair:1   | Reached skill level 1 in Invocations
 11168 | Lair:1   | Noticed Gastronok
 11186 | Lair:1   | Reached XP level 12. HP: 71/81 MP: 10/14
 11248 | Lair:1   | Found an ornate altar of the Wu Jian Council.
 11249 | Lair:1   | Noticed a boulder beetle
 11251 | Lair:1   | Found a hide-covered altar of Uskayaw.
 11256 | Lair:1   | Killed a boulder beetle
 11369 | Lair:1   | Killed Gastronok
 11412 | Lair:1   | Reached skill level 5 in Invocations
 12085 | Lair:1   | Found a runed translucent gate.
 12094 | Lair:1   | Found a runed translucent gate.
 12094 | Lair:1   | Noticed a 12-headed hydra
 12095 | Lair:1   | Found a runed translucent gate.
 12095 | Lair:1   | Noticed Kedox's ghost (journeyman DrCA)
 12311 | Lair:1   | Killed a 12-headed hydra
 12319 | Lair:1   | Killed Kedox's ghost
 12449 | Lair:2   | Reached skill level 8 in Dodging
 12639 | Lair:2   | Reached skill level 9 in Dodging
 12961 | Lair:2   | Reached skill level 10 in Dodging
 12974 | Lair:2   | Reached XP level 13. HP: 44/86 MP: 17/17
 13290 | Lair:2   | Reached skill level 11 in Dodging
 13303 | Lair:2   | Noticed a dire elephant
 13345 | Lair:2   | Killed a dire elephant
 13499 | Lair:2   | Reached skill level 12 in Dodging
 13504 | Lair:2   | Reached skill level 1 in Armour
 13800 | Lair:2   | Found a staircase to the Snake Pit.
 13983 | Lair:2   | HP: 2/86 [cane toad (33)]
 13989 | Lair:2   | Reached skill level 5 in Armour
 14186 | Lair:2   | Found a staircase to the Swamp.
 14395 | Lair:3   | You fall into a shaft and drop 1 floor!
 14612 | Lair:3   | Noticed Kirke
 14632 | Lair:3   | Killed Kirke
 14816 | Lair:3   | Reached XP level 14. HP: 84/92 MP: 18/18
 14816 | Lair:3   | Acquired a supersamoflange Ver.12 {rF+ rC+ Regen+ RegenMP+}
 14842 | Lair:3   | Reached skill level 13 in Dodging
 15170 | Lair:3   | Reached ****** piety under Hepliaklqana
 15763 | Lair:4   | Found a runed translucent gate.
 15949 | Lair:4   | Reached skill level 14 in Dodging
 16036 | Lair:4   | Noticed Palemoclump's ghost (journeyman MiFi)
 16462 | Lair:4   | Found a runed translucent gate.
 16463 | Lair:4   | Found a runed translucent gate.
 16517 | Lair:4   | Reached skill level 15 in Dodging
 16951 | Lair:4   | Slain by a minotaur

Illustrated notes

Levels and vault maps discovered:
D:1:      arrival_aquarium_b, layout_loops_ring, serial_glass, glass_columns_c,
          glass_columns_a, glass_columns_a, glass_columns_b
D:2:      layout_basic, minmay_pentomino_z4
D:3:      layout_loops_corners
D:4:      layout_loops_corners, portal_sewer_entry_a, hangedman_decor_push,
          minivault_19, nicolae_ea-nasir_strikes_again
D:5:      layout_rooms, mainiacjoe_overflow_alcove_1, grunt_decor_mini_mirrors,
          nicolae_nh_ransacked_shop
D:6:      layout_loops_ring, lemuel_temple_firewalk_b, serial_shops, shop,
          minivault_26, nicolae_zig_zag_zippers
D:7:      layout_basic
D:8:      layout_rooms
D:9:      layout_loops_ring, lair_entry_dummy
D:10:     layout_basic
D:11:     layout_loops_ring, nicolae_elemental_shop, minmay_misc_feat_columns,
          minmay_misc_feat_square, skrybe_limestone_x, uniq_psyche,
          uniq_erolcha, uniq_fannar
Lair:1:   layout_regular_city, gammafunk_ghost_hydra_chop, st_stairs_11,
          nzn_masters_of_martial_movement, grunt_megastairs_5, uniq_gastronok
Lair:2:   mu_elephants_graveyard, layout_big_grid,
          mainiacjoe_swamp_entry_angry_trees, nicolae_snake_entry_warm_welcome,
          minivault_11
Lair:3:   layout_layer_cave, minmay_lindwurm_lava, uniq_kirke
Lair:4:   layout_regular_city, maelrawn_ghost_gauntlet_escape, nzn_random_ring

Skill      XL: |  1  2  3  4  5  6  7  8  9 10 11 12 13 14 |
---------------+-------------------------------------------+-----
Short Blades   | 2 3 4 5 6 7 9 10 12 14 | 14.0
Fighting       | 4 5 7 |  7.0
Stealth        | 6 |  6.0
Dodging        | 6 7 10 12 15 | 15.2
Invocations    | 2 6 |  6.0
Armour         | 5 |  5.5

Action                     |  1- 3 |  4- 6 |  7- 9 | 10-12 | 13-15 || total
---------------------------+-------+-------+-------+-------+-------++-------
  Melee: Short sword       |    67 |   164 |   135 |   343 |   237 ||   946
         Dagger            |    62 |    17 |       |       |       ||    79
         Rapier            |       |    91 |   130 |   363 |   553 ||  1137
  Throw: Stone             |       |     4 |       |       |       ||     4
         Dart              |       |       |     2 |       |     7 ||     9
         Throwing net      |       |       |       |     2 |     2 ||     4
 Invoke: Ancestor Life: He |       |     1 |       |       |       ||     1
         Recall Ancestor   |       |       |     1 |     2 |     4 ||     7
         Idealise          |       |       |       |       |     2 ||     2
Ability: Invent Gizmo      |       |       |       |       |     1 ||     1
  Evoke: Wand              |       |       |       |       |     2 ||     2
    Use: Scroll            |     1 |     3 |     4 |     5 |     5 ||    18
         Potion            |     1 |       |     2 |     7 |     9 ||    19
   Stab: Sleeping          |       |    17 |     5 |     8 |     4 ||    34
         Confused          |       |     3 |    10 |    13 |    12 ||    38
         Distracted        |       |     1 |       |     8 |     5 ||    14
         Invisible         |       |       |       |     8 |     9 ||    17
         Held in net/web   |       |       |       |     1 |     1 ||     2
         Fleeing           |       |       |       |       |     1 ||     1
 Armour: Leather armour    |    22 |    32 |       |       |       ||    54
         Ring mail         |       |    35 |    48 |       |       ||    83
         Robe              |       |       |    19 |   130 |   157 ||   306
  Dodge: Dodged            |    25 |    78 |    67 |   161 |   281 ||   612

Table legend: (Time is in decaauts)
 A = Elapsed time spent in this place.
 B = Non-inter-level travel time spent in this place.
 C = Inter-level travel time spent in this place.
 D = Time resting spent in this place.
 E = Time spent auto-exploring this place.
 F = Levels seen in this place.
 G = Mean time per level.
                   A        B        C        D        E       F      G
               +--------+--------+--------+--------+--------+-----+--------+
         Total |  16507 |  16065 |    442 |   1489 |  10852 |  16 | 1031.7 |
       Dungeon |  10108 |   9722 |    386 |    220 |   7558 |  11 |  918.9 |
          Lair |   5613 |   5557 |     56 |   1216 |   2945 |   4 | 1403.2 |
         Sewer |    785 |    785 |      0 |     53 |    348 |   1 |  785.0 |
               +--------+--------+--------+--------+--------+-----+--------+

Top non-repeatable levels by time:
  Lair:1: 1890 daAuts
     D:2: 1317 daAuts
  Lair:3: 1307 daAuts
  Lair:2: 1217 daAuts
     D:4: 1216 daAuts
  Lair:4: 1197 daAuts
    D:10: 1079 daAuts
    D:11: 1011 daAuts
     D:3: 1005 daAuts
     D:7: 996 daAuts
   Sewer: 785 daAuts
     D:9: 756 daAuts
     D:6: 748 daAuts
     D:1: 711 daAuts
     D:8: 653 daAuts
